AoeStats
← Puttsson

Arabian Desert

510378561Analyzed
1v1 RM · 17h ago on Sep 30, 2026· 26m 6s· 2 players
Game mode
Random Map
Map size
Tiny (2 player)
Population
200
Speed
Normal
Resources
Standard
Victory
Conquest
Starting age
Dark Age
Ending age
Imperial Age
RankedLock teamsTeams togetherTeam positionsShared explorationLock speedFull tech treeHidden civsTurbo modeCheats
Victory
Defeat
🇧🇷 Huns · Brazil
2130
+9
🇸🇪 Vietnamese · Sweden
1971
-9
Puttsson
6:41 Loom
9:21 Feudal Age
9:26 Man-at-Arms
12:10 Double-Bit Axe
15:06 Fletching
19:04 Padded Archer Armor
23:46 Castle Age
23:47 Crossbowman
24:23 Bodkin Arrow
Old Time
9:08 Feudal Age
7:52 Loom
10:06 Double-Bit Axe
16:42 Fletching
17:18 Padded Archer Armor
22:46 Castle Age
21:23 Horse Collar
23:22 Bodkin Arrow
22:51 Crossbowman
25:47 Ballistics
24:50 Elite Skirmisher
26:23 Wheelbarrow
26:09 Leather Archer Armor
Connection lost

Rejoining the realm…

Still unreachable

The connection could not be restored.

Session expired

The server has moved on; the page needs a fresh start.